 Dungeon Crawl Stone Soup version 0.27-a0-965-gbf8bb431c4 (webtiles) character file.

Game seed: 8137620586838969249

629 jestyr24 the Sneak (level 7, -2/38 HPs)
             Began as a Kobold Conjurer on Apr 13, 2021.
             Slain by an orc warrior
             ... wielding a +0 long sword
              (17 damage)
             ... on level 4 of the Dungeon.
             The game lasted 00:16:36 (4455 turns).

jestyr24 the Sneak (Kobold Conjurer)                Turns: 4455, Time: 00:16:37

Health: -2/38      AC:  2    Str:  4    XL:     7   Next: 77%
Magic:  0/12       EV: 15    Int: 21    God:
Gold:   187        SH:  0    Dex: 14    Spells: 6/13 levels left

rFire    . . .     SeeInvis .   m - +1 spear (venom)
rCold    . . .     Faith    .   (shield restricted)
rNeg     . . .     Spirit   .   a - +0 robe
rPois    .         Reflect  .   (no helmet)
rElec    .         Harm     .   (no cloak)
rCorr    .         Rampage  .   (no gloves)
Will     .....                  (no boots)
Stlth    +++++.....             o - amulet of magic regeneration
HPRegen  0.12/turn              (no ring)
MPRegen  0.38/turn              (no ring)

@: very slightly contaminated
A: small, no large weapons, nightstalker 3
a: no special abilities


You were on level 4 of the Dungeon.
You visited 1 branch of the dungeon, and saw 4 of its levels.

You collected 187 gold pieces.

Inventory:

Hand Weapons
 d - a +0 dagger
 f - a +0 whip
 m - a +1 spear of venom (weapon)
 n - a +0 hunting sling
Missiles
 l - a throwing net
Armour
 a - a +0 robe (worn)
Jewellery
 o - an amulet of magic regeneration (around neck)
Scrolls
 e - 2 scrolls of teleportation {unknown}
 k - a scroll of identify {unknown}
 p - a scroll of fear {unknown}
 q - 2 scrolls of enchant weapon {unknown}
 r - a scroll of enchant armour {unknown}
 s - a scroll of silence {unknown}
 t - a scroll of holy word {unknown}
Potions
 b - 2 potions of mutation {unknown}
 c - 3 potions of curing {unknown}
 g - 4 potions of heal wounds {unknown}
 h - a potion of flight {unknown}
 i - a potion of degeneration {unknown}
 j - 3 potions of haste {unknown}


   Skills:
 + Level 1.2 Fighting
 + Level 3.5 Dodging
 * Level 7.5 Stealth
 + Level 3.8 Spellcasting
 + Level 5.8 Conjurations
 * Level 0.6 Translocations


You had 6 spell levels left.
You knew the following spells:

 Your Spells              Type           Power      Damage    Failure   Level
a - Magic Dart            Conj           100%       1d8       1%          1
b - Searing Ray           Conj           56%        3d5       1%          2
c - Iskenderun's Mystic   Conj/Tloc      17%        2d5       32%         4

Your spell library contained the following spells:

 Spells                   Type           Power      Damage    Failure   Level
 Apportation              Tloc           12%        N/A       10%         1
 Dazzling Flash           Conj/Hex       32%        N/A       11%         3
 Animate Skeleton         Necr           8%         N/A       12%         1
 Corona                   Hex            4%         N/A       12%         1
 Summon Small Mammal      Summ           16%        N/A       12%         1
 Gell's Gravitas          Tloc           3%         N/A       28%         3
 Confusing Touch          Hex            4%         N/A       36%         3
 Fulminant Prism          Conj/Hex       8%         3d7       36%         4
 Petrify                  Tmut/Erth      4%         N/A       77%         4
 Metabolic Englaciation   Hex/Ice        2%         N/A       98%         5
 Yara's Violent Unravell  Hex/Tmut       2%         3d3       98%         5


Dungeon Overview and Level Annotations

Branches:
Dungeon (4/15)
 Temple: D:4-7

Altars:


Innate Abilities, Weirdness & Mutations

You are small and have problems with some larger weapons.
You are completely attuned to the shadows.


Message History

The orc priest is almost dead. (Press . to maintain the ray.)
The orc priest calls down the wrath of Beogh upon you.
Beogh smites you!
The searing ray hits the orc priest!
You kill the orc priest!
An orc comes into view. It is wielding a +0 short sword.
Unknown command.
You can't see any susceptible monsters within range! (Use Z to cast anyway.)
An orc warrior comes into view. It is wielding a +0 long sword.
The magic dart hits the orc warrior.
The orc warrior is lightly wounded.
Casting: Magic Dart (safe; 1% risk of failure)
Confirm with . or Enter, or press ? or * to list all spells.
Aiming: Searing Ray (safe; 1% risk of failure)
Press: ? - help, Shift-Dir - straight line, f/p - orc warrior
Aim: an orc warrior, wielding a +0 long sword, wearing a +0 chain mail and quivering stones (lightly wounded, 23% to evade)
The searing ray hits the orc warrior!
The orc warrior is heavily wounded. (Press . to maintain the ray.)
Casting: Searing Ray (safe; 1% risk of failure)
Confirm with . or Enter, or press ? or * to list all spells.
Aiming: Searing Ray (safe; 1% risk of failure)
Press: ? - help, Shift-Dir - straight line, f/p - orc warrior
Aim: an orc warrior, wielding a +0 long sword, wearing a +0 chain mail and quivering stones (heavily wounded, 23% to evade)
The searing ray misses the orc warrior. (Press . to maintain the ray.)
The orc warrior throws a stone.
The stone hits you!
The searing ray misses the orc warrior.
The searing ray misses the orc warrior.
The orc warrior misses you.
Casting: Searing Ray (safe; 1% risk of failure)
Confirm with . or Enter, or press ? or * to list all spells.
Aiming: Searing Ray (safe; 1% risk of failure)
Press: ? - help, Shift-Dir - straight line, f/p - orc warrior
Aim: an orc warrior, wielding a +0 long sword, wearing a +0 chain mail and quivering stones (heavily wounded, 23% to evade)
You miscast Searing Ray.
You are very lightly contaminated with residual magic.
Nothing appears to happen.
The orc warrior closely misses you.
The orc warrior hits you with a +0 long sword!
You die...

####### #######
#.....#####..
......#######...@o.......
......#........####)#####
......#........##...)$
......+.........##..8#.
......#.........###)..
......#.........#
......#.........#
......#'##......#
...#'##.##+###.##


You could see an orc warrior.

Vanquished Creatures
  Sigmund (D:2)
  An ogre (D:4)
  Dowan (D:4)
  3 orc priests
  3 orc wizards (D:4)
  4 gnolls
  3 adders
  3 worms
  3 dart slugs (D:3)
  14 orcs
  6 ball pythons
  8 bats
  4 endoplasms
  A giant cockroach (D:2)
  9 goblins
  8 hobgoblins
  8 jackals
  A quokka (D:2)
  3 frilled lizards
  6 kobolds
  7 rats
97 creatures vanquished.

Notes
Turn   | Place    | Note
-------+----------+-------------------------------------------
     0 | D:1      | jestyr24 the Kobold Conjurer began the quest for the Orb.
     0 | D:1      | Reached XP level 1. HP: 10/10 MP: 3/3
   265 | D:1      | Reached XP level 2. HP: 15/15 MP: 3/5
   396 | D:1      | Found a faded altar of an unknown god.
  1103 | D:1      | Reached XP level 3. HP: 19/19 MP: 3/6
  1483 | D:2      | Learned a level 2 spell: Searing Ray
  1497 | D:2      | Reached skill level 3 in Stealth
  1497 | D:2      | Reached XP level 4. HP: 12/24 MP: 1/8
  2247 | D:2      | Noticed Sigmund
  2254 | D:2      | Killed Sigmund
  2255 | D:2      | Reached skill level 4 in Stealth
  2255 | D:2      | Reached skill level 5 in Conjurations
  2255 | D:2      | Reached XP level 5. HP: 2/28 MP: 0/10
  2255 | D:2      | Reached XP level 6. HP: 3/33 MP: 0/11
  2904 | D:3      | Reached skill level 5 in Stealth
  4053 | D:4      | Reached XP level 7. HP: 28/37 MP: 9/12
  4129 | D:4      | Noticed Dowan
  4141 | D:4      | Killed Dowan
  4142 | D:4      | Reached skill level 1 in Fighting
  4142 | D:4      | Reached skill level 6 in Stealth
  4251 | D:4      | Learned a level 4 spell: Iskenderun's Mystic Blast
  4279 | D:4      | Reached skill level 7 in Stealth
  4455 | D:4      | Slain by an orc warrior

Illustrated notes

Levels and vault maps discovered:
D:1:      eino_arrival_water_cross, layout_loops_cross,
          shapermc_ecumenical_altar_mp_urbaneastern, hangedman_decor_lopped,
          minivault_27, minmay_misc_feat_square
D:2:      layout_loops_ring, minmay_distorted, uniq_sigmund
D:3:      layout_loops_cross, minmay_quadrilaterals
D:4:      layout_gridville, guppyfry_early_orc_mine, uniq_duvessa

Skill      XL: |  1  2  3  4  5  6  7 |
---------------+----------------------+-----
Stealth        | 3 4 5 7 |  7.5
Spellcasting   | 3 |  3.8
Dodging        | 3 |  3.5
Conjurations   | 5 |  5.8
Fighting       | 1 |  1.2
Translocations | |  0.6

Action                   |  1- 3 |  4- 6 |  7- 9 || total
-------------------------+-------+-------+-------++-------
Melee: Dagger            |    25 |       |       ||    25
       Spear             |       |    77 |     2 ||    79
 Cast: Magic Dart        |    37 |    49 |     3 ||    89
       Searing Ray       |     1 |     8 |    15 ||    24
 Stab: Sleeping          |     1 |    14 |       ||    15
Armor: Robe              |     4 |     7 |       ||    11
Dodge: Dodged            |    27 |    39 |    10 ||    76

Table legend: (Time is in decaauts)
 A = Elapsed time spent in this place.
 B = Non-inter-level travel time spent in this place.
 C = Inter-level travel time spent in this place.
 D = Time resting spent in this place.
 E = Time spent auto-exploring this place.
 F = Levels seen in this place.
 G = Mean time per level.
                   A        B        C        D        E       F      G
               +--------+--------+--------+--------+--------+-----+--------+
         Total |   4461 |   4430 |     31 |   1034 |   2807 |   4 | 1115.2 |
       Dungeon |   4461 |   4430 |     31 |   1034 |   2807 |   4 | 1115.2 |
               +--------+--------+--------+--------+--------+-----+--------+

Top non-repeatable levels by time:
     D:2: 1547 daAuts
     D:1: 1281 daAuts
     D:3: 1210 daAuts
     D:4: 421 daAuts
